 Dungeon Crawl Stone Soup version 0.32-a0-913-g739538afd8 (webtiles) character file.

Game seed: 13883823575681706711

660 GiantSquids the Cleaver (level 7, -14/57 HPs)
             Began as a Mountain Dwarf Fighter on Apr 7, 2024.
             Was an Initiate of Yredelemnul.
             Demolished by Menkaure (20 damage)
             ... on level 5 of the Dungeon.
             The game lasted 00:05:07 (3479 turns).

GiantSquids the Cleaver (Mountain Dwarf Fighter)    Turns: 3479, Time: 00:05:07

Health: -14/57     AC: -3    Str: 20    XL:     7   Next: 30%
Magic:  0/7        EV:  8    Int:  9    God:    Yredelemnul [......]
Gold:   269        SH:  4    Dex:  9    Spells: 6/6 levels left

rFire   + . .        a - +0 war axe
rCold   . . .        c - +0 buckler
rNeg    . . .        b - +0 scale mail
rPois   .            m - +0 helmet
rElec   .            (no cloak)
rCorr   .            (no gloves)
SInv    .            (no boots)
Will    .....        k - amulet of guardian spirit Stlth
                     o - ring of protection from fire
HPRegen 0.29/turn    (no ring)
MPRegen 0.10/turn

%: guardian spirit
@: corroded, wreathed by umbra
A: runic magic, artefact enchanting
a: Renounce Religion, Light the Black Torch, Recall Undead Harvest


You were on level 5 of the Dungeon.
You worshipped Yredelemnul.
Yredelemnul was noncommittal.
You visited 1 branch of the dungeon, and saw 5 of its levels.
You also visited: Sewer.

You collected 269 gold pieces.

Inventory:

Hand Weapons
 a - a +0 war axe (weapon)
Missiles
 f - 23 stones (quivered)
 l - 2 boomerangs
Armour
 b - a +0 scale mail (worn)
 c - a +0 buckler (worn)
 m - a +0 helmet (worn)
Jewellery
 g - a ring of ice
 k - an amulet of guardian spirit (around neck)
 o - a ring of protection from fire (left hand)
Scrolls
 e - 2 scrolls of noise {unknown}
 i - 2 scrolls of identify {unknown}
 n - a scroll of brand weapon {unknown}
Potions
 d - a potion of lignification {unknown}
 h - 3 potions of curing {unknown}
 j - 4 potions of haste


   Skills:
 - Level 3.2 Fighting
 + Level 9.9 Axes
 - Level 3.2 Armour
 - Level 3.2 Shields


You had 6 spell levels left.
You didn't know any spells.
Your spell library contained the following spells:

 Spells                   Type           Power      Damage    Failure   Level
 Shock                    Conj/Air       0%         1d3       54%         1
 Swiftness                Air            0%         N/A       89%         3
 Teleport Other           Tloc           0%         N/A       89%         3
 Airstrike                Air            0%         2d(0-16)  100%        4
 Borgnjor's Vile Clutch   Necr/Erth      0%         N/A       100%        5
 Dispersal                Tloc           0%         N/A       100%        6
 Gell's Gavotte           Tloc           0%         2d(11-16) 100%        6
 Animate Dead             Necr           Unusable   N/A       N/A         4
 Death Channel            Necr           Unusable   N/A       N/A         6

Dungeon Overview and Level Annotations

Branches:
Dungeon (5/15)              Sewer (visited)
 Temple: D:4-7

Altars:
Fedhas
Hepliaklqana
Qazlal
Ru
Wu Jian
Yredelemnul

Annotations:
D:5 Menkaure


Innate Abilities, Weirdness & Mutations

Your spellcasting is much less encumbered by armour.
You can use scrolls of enchantment on lesser artefacts.


Message History

Their soul becomes fuel for the torch.
The dead are slithering!
No target in view!
HP restored.
You swap places.
You swap places.
Menkaure, Prince of Dust comes into view.
A jelly comes into view.
The jelly moves out of view.
Menkaure hits you. The jelly hits you but does no damage.
You hit Menkaure.
Menkaure is lightly damaged.
You hit the jelly. The acid corrodes you!
Your hands burn!
Menkaure hits you! The jelly misses you.
You hit Menkaure but do no damage.
Menkaure is lightly damaged.
You hit the jelly. The acid corrodes you!
Your hands burn!
You block the jelly's attack. Menkaure hits you but does no damage.
You hit Menkaure.
Menkaure is moderately damaged.
You hit the jelly. The acid corrodes you!
Your hands burn!
The jelly hits you. The acid corrodes you!
You are splashed with acid!
Menkaure mumbles some strange words.
Menkaure seems to speed up.
You hit Menkaure.
Menkaure is moderately damaged.
You hit the jelly but do no damage.
Your hands burn!
The jelly hits you. The acid corrodes you!
You are splashed with acid!
* * * LOW HITPOINT WARNING * * *
Menkaure calls on the powers of darkness!
Your body is wracked with pain!
* * * LOW HITPOINT WARNING * * *
The jelly convulses!
You hit Menkaure.
Menkaure is heavily damaged.
You hit the jelly.
Your hands burn!
* * * LOW HITPOINT WARNING * * *
Menkaure hits you!!
You die...
Your body rises from the dead as a mindless zombie.

#..# #..# #.##
##################.#
......<............#
##################.#
######.##
#..J#...####
#...@Z.......
#..M#...#####
..........##
.##########


You could see Menkaure (fast, ally target), a jelly and a friendly adder zombie.

Vanquished Creatures
  Pargi (Sewer)
  A phantom (D:4)
  A brain worm (Sewer)
  A howler monkey (D:4)
  2 orc priests
  Jessica (D:2)
  An iguana (D:4)
  2 orc wizards (D:4)
  Natasha (D:2)
  3 gnolls (D:4)
  8 adders
  2 dart slugs
  4 ribbon worms
  11 orcs
  5 ball pythons
  7 endoplasms
  2 giant cockroaches (D:3)
  4 goblins
  10 hobgoblins
  2 jackals (D:2)
  5 quokkas
  10 bats
  3 frilled lizards
  5 kobolds
  3 rats
95 creatures vanquished.

Notes
Turn   | Place    | Note
-------+----------+-------------------------------------------
     0 | D:1      | GiantSquids the Mountain Dwarf Fighter began the quest for
                  | the Orb.
     0 | D:1      | Reached XP level 1. HP: 19/19 MP: 1/1
    98 | D:1      | Reached skill level 3 in Axes
   129 | D:1      | Reached XP level 2. HP: 26/26 MP: 2/2
   628 | D:2      | Reached skill level 4 in Axes
   719 | D:2      | Reached XP level 3. HP: 20/31 MP: 3/3
  1160 | D:2      | Noticed Natasha
  1167 | D:2      | Killed Natasha
  1168 | D:2      | Reached skill level 5 in Axes
  1208 | D:2      | Reached XP level 4. HP: 38/38 MP: 4/4
  1565 | D:2      | Noticed Jessica
  1575 | D:2      | Killed Jessica
  1576 | D:2      | Reached skill level 6 in Axes
  1683 | D:3      | Found a blossoming altar of Fedhas.
  1704 | D:3      | Found a glowing drain.
  1745 | Sewer    | Entered a sewer
  1805 | Sewer    | Noticed a brain worm
  1816 | Sewer    | Killed a brain worm
  1817 | Sewer    | Reached skill level 7 in Axes
  1817 | Sewer    | Reached XP level 5. HP: 28/45 MP: 2/5
  1822 | Sewer    | Noticed Pargi
  1833 | Sewer    | Killed Pargi
  1834 | Sewer    | Reached XP level 6. HP: 8/51 MP: 2/6
  2169 | D:3      | Reached skill level 8 in Axes
  2713 | D:4      | Found a hazy altar of Hepliaklqana.
  2742 | D:4      | Reached skill level 9 in Axes
  2742 | D:4      | Reached XP level 7. HP: 25/57 MP: 3/7
  2941 | D:4      | Found a stormy altar of Qazlal.
  3078 | D:4      | Found a sacrificial altar of Ru.
  3247 | D:4      | Found a basalt altar of Yredelemnul.
  3278 | D:4      | Found an ornate altar of the Wu Jian Council.
  3307 | D:4      | Became a worshipper of Yredelemnul the Fallen
  3436 | D:5      | Entered Level 5 of the Dungeon
  3472 | D:5      | Noticed Menkaure
  3479 | D:5      | Demolished by Menkaure

Illustrated notes

Levels and vault maps discovered:
D:1:      scummos_arrival_gate, layout_rooms
D:2:      minmay_door_path, layout_loops_corners, uniq_natasha, uniq_jessica
D:3:      layout_basic, fedhas_ov_isle_minmay, gup_sewer_entry_glass
D:4:      layout_basic, lemuel_coloured_pillars_altar,
          mainiacjoe_overflow_two_lobes, grunt_qazlal_sundering,
          mainiacjoe_overflow_chevrons
D:5:      layout_loops_ring, nicolae_overflow_crystal_walls,
          minmay_misc_feat_tiny, uniq_menkaure

Skill      XL: |  1  2  3  4  5  6 |
---------------+-------------------+-----
Axes           | 3 4 5 7 9 |  9.9
Fighting       | |  3.2
Armour         | |  3.2
Shields        | |  3.2

Action                     |  1- 3 |  4- 6 |  7- 9 || total
---------------------------+-------+-------+-------++-------
  Melee: War axe           |    81 |   177 |    49 ||   307
  Throw: Stone             |     7 |       |       ||     7
 Invoke: Light the Black T |       |       |     1 ||     1
    Use: Scroll            |     1 |       |       ||     1
         Potion            |       |     1 |       ||     1
 Armour: Scale mail        |    67 |   144 |    33 ||   244
  Dodge: Dodged            |    40 |    89 |    12 ||   141
  Block: Buckler           |    15 |    29 |     7 ||    51

Table legend: (Time is in decaauts)
 A = Elapsed time spent in this place.
 B = Non-inter-level travel time spent in this place.
 C = Inter-level travel time spent in this place.
 D = Time resting spent in this place.
 E = Time spent auto-exploring this place.
 F = Levels seen in this place.
 G = Mean time per level.
                   A        B        C        D        E       F      G
               +--------+--------+--------+--------+--------+-----+--------+
         Total |   3544 |   3444 |    100 |      7 |   2649 |   6 |  590.7 |
       Dungeon |   3408 |   3308 |    100 |      2 |   2596 |   5 |  681.6 |
         Sewer |    135 |    135 |      0 |      5 |     53 |   1 |  135.0 |
               +--------+--------+--------+--------+--------+-----+--------+

Top non-repeatable levels by time:
     D:2: 1134 daAuts
     D:3: 915 daAuts
     D:4: 727 daAuts
     D:1: 587 daAuts
   Sewer: 135 daAuts
     D:5: 43 daAuts
